 Dungeon Crawl Stone Soup version 0.30.1-11-g7821555f0a (webtiles) character file.

Game seed: 17039271461927629080

2753 Dillybarz the Cleaver (level 9, -6/81 HPs)
             Began as a Minotaur Fighter on Nov 16, 2023.
             Was a Follower of Okawaru.
             Mangled by a troll (13 damage)
             ... on level 7 of the Dungeon on Dec 5, 2023.
             The game lasted 00:23:48 (5708 turns).

Dillybarz the Cleaver (Minotaur Fighter)            Turns: 5708, Time: 00:23:48

Health: -6/81      AC: 19    Str: 25    XL:     9   Next: 41%
Magic:  8/8        EV:  8    Int:  5    God:    Okawaru [*.....]
Gold:   459        SH:  0    Dex: 10    Spells: 8/8 levels left

rFire   . . .        a - +1 war axe (spect)
rCold   . . .        c - +0 buckler
rNeg    . . .        h - +0 chain mail
rPois   +            F - +1 hat
rElec   .            (no cloak)
rCorr   .            C - +0 pair of gloves
SInv    .            s - +1 pair of boots
Will    .....        (no amulet) Stlth
                     w - ring of poison resistance
HPRegen 0.33/turn    u - +4 ring of protection
MPRegen 0.11/turn

%: no passive effects
@: confused
A: horns 2, retaliatory headbutt
a: Renounce Religion, Heroism


You were on level 7 of the Dungeon.
You worshipped Okawaru.
Okawaru was aware of your devotion.
You visited 2 branches of the dungeon, and saw 10 of its levels.

You collected 459 gold pieces.

Inventory:

Hand Weapons
 a - a +1 spectral war axe (weapon)
Missiles
 e - 75 stones
 m - 6 curare-tipped darts
 r - 6 poisoned darts (quivered)
 D - 8 boomerangs
 E - 3 boomerangs of dispersal
Armour
 c - a +0 buckler (worn)
 h - a +0 chain mail (worn)
 s - a +1 pair of boots (worn)
 C - a +0 pair of gloves (worn)
 F - a +1 hat (worn)
Jewellery
 i - a ring of see invisible
 q - an amulet of the acrobat
 u - a +4 ring of protection (right hand)
 w - a ring of poison resistance (left hand)
 y - a ring of fire
Wands
 l - a wand of polymorph (5)
 p - a wand of paralysis (25)
 v - a wand of roots (2)
Scrolls
 b - 3 scrolls of enchant weapon
 k - 3 scrolls of blinking
 o - a scroll of fear
 t - 4 scrolls of teleportation
 A - a scroll of identify
 B - a scroll of poison
Potions
 d - 4 potions of might
 f - 5 potions of heal wounds
 g - 2 potions of curing
 j - a potion of resistance
 n - a potion of brilliance
 x - 3 potions of attraction
 z - a potion of mutation


   Skills:
 + Level 7.8 Fighting
 * Level 10.1 Axes
 + Level 7.8 Armour
 + Level 7.9 Shields


You had 8 spell levels left.
You didn't know any spells.
Your spell library contained the following spells:

 Spells                   Type           Power      Damage    Failure   Level
 Necrotise                Necr           0%         1d4       95%         1
 Sublimation of Blood     Necr           0%         N/A       99%         2
 Vampiric Draining        Necr           0%         2d6       100%        3
 Petrify                  Tmut/Erth      0%         N/A       100%        4
 Agony                    Necr           0%         N/A       100%        5
 Irradiate                Conj/Tmut      0%         3d11      100%        5


Dungeon Overview and Level Annotations

Branches:
Dungeon (9/15)             Temple (1/1) D:6
   Lair: D:8-11         Orc: D:9-12

Altars:
Cheibriados
Dithmenos
Elyvilon
Fedhas
Gozag
Hepliaklqana
Kikubaaqudgha
Nemelex Xobeh
Okawaru
Qazlal
Ru
Sif Muna
Trog
Uskayaw
Xom
Yredelemnul
Zin

Shops:
D:1 [

Annotations:
D:4 1 runed translucent door, Cheops's ghost, amateur OpCj


Innate Abilities, Weirdness & Mutations

You have a pair of horns on your head.
You reflexively headbutt those who attack you in melee.


Message History

Your +1 spectral war axe hits the two-headed ogre!
Your +1 spectral war axe hits the orc wizard!
You kill the orc wizard!
Okawaru accepts your kill.
The two-headed ogre hits you with a +0 giant spiked club! x2
You completely miss the two-headed ogre.
The two-headed ogre is heavily wounded.
Your +1 spectral war axe hits the two-headed ogre but does no damage.
Your +1 spectral war axe hits the gnoll!
The orc wizard gestures at you while chanting.
You are confused.
The gnoll throws a throwing net.
The throwing net hits you.
You become entangled in the net!
The two-headed ogre hits you with a +0 giant spiked club.
The two-headed ogre hits you but does no damage.
You struggle against the net.
Your +1 spectral war axe disappears.
The gnoll hits you with a +0 spear. The wraith barely misses you.
The orc wizard points at you and mumbles some strange words.
You are more confused.
You struggle against the net.
The two-headed ogre hits you with a +0 giant spiked club!
The two-headed ogre hits you with a +0 giant spiked club.
* * * LOW HITPOINT WARNING * * *
The gnoll hits you but does no damage. x2
The wraith hits you but does no damage.
You rip the net and break free!
The two-headed ogre hits you but does no damage.
The two-headed ogre hits you with a +0 giant spiked club!
* * * LOW HITPOINT WARNING * * *
The gnoll hits you with a +0 whip.
* * * LOW HITPOINT WARNING * * *
The gnoll hits you but does no damage.
The orc wizard gestures at you while chanting.
You easily resist.
The wraith barely misses you.
The orc wizard casts a spell.
The orc wizard flickers and vanishes!
Deactivating autopickup; reactivate with Ctrl-A.
The troll attacks as you move away! The troll bites you!
You die...

#.###8.............
#..#.............(. #
###.#.###.....[..... #.
#.........o.......##
..##..........####..##.
#........{....# #..##..
####..........# #.##..#
#.gWT......# #.#...
#..@g......###.#.#
##...O.......# ... .
#...............#. ..
#.###.##..####.. ...
#.# #.###..# ..# #.#
#.# ##.# .. #######.#
#.# ... #.......###.#
..#. #...........# #


You could see a two-headed ogre, a troll, a wraith, an orc wizard and 2 gnolls.

Vanquished Creatures
  Joseph (D:7)
  2 wraiths
  A human (D:7)
  Eustachio (D:6)
  A steam dragon (D:6)
  2 water moccasins
  An ice beast (D:7)
  A black bear (D:5)
  2 ogres
  A centaur (D:9)
  Blork the orc (D:5)
  2 necrophages (D:5)
  2 scorpions
  2 jellies
  4 orc priests
  A gnoll bouda (D:4)
  3 hounds
  A spectral scorpion (D:5)
  Ijyb (D:3)
  2 sleepcaps (D:6)
  An iguana (D:5)
  3 orc wizards
  A killer bee zombie (D:5)
  A spectral hound (D:5)
  A howler monkey zombie (D:5)
  Robin (D:2)
  2 gnolls
  5 adders
  3 white imps
  2 ufetubi
  2 worms
  5 dart slugs
  30 orcs
  3 bats
  8 endoplasms
  16 goblins
  14 hobgoblins
  4 kobolds
  A quokka (D:1)
  2 ball pythons
  5 frilled lizards
  A goblin skeleton (D:7)
  7 rats
150 creatures vanquished.

Notes
Turn   | Place    | Note
-------+----------+-------------------------------------------
     0 | D:1      | Dillybarz the Minotaur Fighter began the quest for the Orb.
     0 | D:1      | Reached XP level 1. HP: 19/19 MP: 0/0
     1 | D:1      | Noticed an electric eel
    62 | D:1      | Found a faded altar of an unknown god.
   253 | D:1      | Found Anuty's Armour Shop.
   259 | D:1      | Reached XP level 2. HP: 26/27 MP: 1/1
   315 | D:1      | Reached skill level 3 in Axes
   787 | D:1      | Reached XP level 3. HP: 33/33 MP: 2/2
  1030 | D:2      | Noticed Robin
  1044 | D:2      | Killed Robin
  1045 | D:2      | Reached XP level 4. HP: 40/40 MP: 3/3
  1155 | D:2      | Reached skill level 4 in Axes
  1908 | D:3      | Noticed Ijyb
  1923 | D:3      | Killed Ijyb
  2159 | D:3      | Reached XP level 5. HP: 47/47 MP: 4/4
  2813 | D:4      | Reached skill level 5 in Axes
  2873 | D:4      | Reached XP level 6. HP: 52/55 MP: 5/5
  3152 | D:4      | Reached skill level 5 in Shields
  3200 | D:4      | Reached skill level 5 in Fighting
  3200 | D:4      | Reached skill level 5 in Armour
  3252 | D:4      | Found a runed translucent door.
  3257 | D:4      | Noticed Cheops's ghost (amateur OpCj)
  3524 | D:5      | Entered Level 5 of the Dungeon
  3704 | D:5      | Noticed a wraith
  3719 | D:5      | Reached skill level 6 in Axes
  3723 | D:5      | Reached XP level 7. HP: 54/61 MP: 6/6
  3811 | D:5      | Noticed Blork the orc
  3819 | D:5      | Killed Blork the orc
  3876 | D:5      | Killed a wraith
  3877 | D:5      | Reached skill level 7 in Axes
  3895 | D:5      | Identified the +6 dagger "Cibriot" {pain, rElec Will- Str+5
                  | Dex-3}
  3973 | D:5      | Reached XP level 8. HP: 70/70 MP: 7/7
  4173 | D:6      | Reached skill level 8 in Axes
  4436 | D:6      | Noticed Eustachio
  4453 | D:6      | Killed Eustachio
  4713 | D:6      | Found a staircase to the Ecumenical Temple.
  4719 | Temple   | Entered the Ecumenical Temple
  4764 | Temple   | Became a worshipper of Warmaster Okawaru
  4809 | D:6      | Reached skill level 9 in Axes
  5054 | D:7      | Found a runed translucent door.
  5057 | D:7      | Found a basalt altar of Yredelemnul.
  5124 | D:7      | Noticed Joseph
  5134 | D:7      | Killed Joseph
  5134 | D:7      | Reached * piety under Okawaru
  5135 | D:7      | Reached XP level 9. HP: 53/79 MP: 8/8
  5422 | D:7      | Noticed a two-headed ogre
  5422 | D:7      | Noticed a troll
  5422 | D:7      | Noticed a cyclops
  5453 | D:7      | HP: 2/80 [two-headed ogre/+0 giant spiked club (17)]
  5534 | D:9      | Reached skill level 10 in Axes
  5708 | D:7      | Mangled by a troll

Illustrated notes

Levels and vault maps discovered:
D:1:      arrival_aquarium_a, layout_basic, serial_shops, shop,
          shapermc_ecumenical_altar_mp_ritualfount
D:2:      layout_basic, serial_park_tiny_pond, uniq_robin
D:3:      layout_basic, uniq_ijyb
D:4:      minmay_diamond_boxcup, layout_loops_ring, ebering_ghost_sewer_d
D:5:      layout_rooms, dilly_guarded_unrand_morg, uniq_blork_the_orc
D:6:      layout_basic, minmay_temple_entry_glassed_door, uniq_eustachio
D:7:      minmay_the_grid_octo_triangle [minmay_the_grid_octo_tetromino_candy,
          minmay_the_grid_octo_prize_star, minmay_the_grid_octo_77],
          layout_rooms, dk_yredelemnul_ordeal, serial_shops,
          kennysheep_little_box, hangedman_abyss_or_decor_stabs, uniq_joseph
D:8:      layout_loops_corners, lightli_ossuary_entry_decrepit_ruins,
          nzn_ghost_randoct, amcnicky_mini_pool_small, minmay_bent
D:9:      layout_gridville, evilmike_ruin_ashenzari, nicolae_blasting_shop,
          hangedman_decor_opposing, minmay_librarian, uniq_erica, uniq_maurice,
          uniq_grum, uniq_erolcha
Temple:   nicolae_temple_bog_church

Skill      XL: |  1  2  3  4  5  6  7  8  9 |
---------------+----------------------------+-----
Axes           | 3 4 5 6 7 9 10 | 10.1
Fighting       | 4 5 6 7 |  7.8
Shields        | 4 5 6 7 |  7.9
Armour         | 4 5 6 7 |  7.8

Action                     |  1- 3 |  4- 6 |  7- 9 || total
---------------------------+-------+-------+-------++-------
  Melee: War axe           |    59 |   165 |   115 ||   339
         Headbutt          |     7 |    24 |    19 ||    50
  Throw: Dart              |       |       |     3 ||     3
  Evoke: Wand              |       |     1 |       ||     1
    Use: Scroll            |       |    15 |     2 ||    17
 Armour: Chain mail        |    33 |    60 |    71 ||   164
         Scale mail        |     1 |       |       ||     1
  Dodge: Dodged            |    25 |    58 |    34 ||   117
  Block: Buckler           |     9 |    27 |    23 ||    59
